 Dungeon Crawl Stone Soup version 0.25-a0-294-gea9b1ad378 (webtiles) character file.

Game seed: 10150491220097449042, levelgen mode: deterministic

150 MrRokkomies the Chiller (level 5, 0/43 HPs)
             Began as a Gnoll Wanderer on Dec 16, 2019.
             Slain by Natasha (5 damage)
             ... on level 2 of the Dungeon.
             The game lasted 00:05:27 (2072 turns).

MrRokkomies the Chiller (Gnoll Wanderer)            Turns: 2072, Time: 00:05:27

Health: 0/43       AC:  2    Str: 12    XL:     5   Next: 32%
Magic:  7/7        EV: 12    Int: 14    God:
Gold:   54         SH:  0    Dex: 18    Spells: 2/6 levels left

rFire    . . .     SeeInvis .   a - +2 quarterstaff
rCold    . . .     Gourm    .   (shield currently unavailable)
rNeg     . . .     Faith    .   d - +0 robe
rPois    .         Spirit   .   (no helmet)
rElec    .         Reflect  .   (no cloak)
rCorr    .         Harm     .   (no gloves)
MR       .....                  (no boots)
Stlth    ++........             (no amulet)
HPRegen  0.14/turn              (no ring)
MPRegen  0.10/turn              (no ring)

@: slowed, very slow
A: distributed training, fangs 1, strong nose
a: no special abilities


You were on level 2 of the Dungeon.
You were not hungry.

You visited 1 branch of the dungeon, and saw 2 of its levels.

You collected 54 gold pieces.

Inventory:

Hand Weapons
 a - a +2 quarterstaff (weapon)
Missiles
 i - 105 stones (quivered)
 j - 18 sling bullets
 l - 32 bolts
Armour
 d - a +0 robe (worn)
Scrolls
 b - a scroll of teleportation
 c - 2 scrolls of identify
 k - a scroll of amnesia
Potions
 e - a potion of might
 g - a potion of flight {unknown}
 h - a potion of brilliance {unknown}
 m - 2 potions of berserk rage {unknown}
 n - 2 potions of curing
Comestibles
 f - 3 rations


   Skills:
 + Level 4.7 Fighting
 + Level 1.4 Short Blades
 + Level 1.4 Long Blades
 + Level 1.4 Axes
 + Level 1.4 Maces & Flails
 + Level 1.4 Polearms
 + Level 4.7 Staves
 + Level 1.4 Slings
 + Level 1.4 Bows
 + Level 1.4 Crossbows
 + Level 2.9 Throwing
 + Level 1.4 Armour
 + Level 1.4 Dodging
 + Level 2.7 Stealth
 + Level 1.4 Shields
 + Level 1.4 Unarmed Combat
 + Level 1.4 Spellcasting
 + Level 1.1 Conjurations
 + Level 1.1 Hexes
 + Level 1.1 Charms
 + Level 1.1 Summonings
 + Level 1.1 Necromancy
 + Level 1.1 Translocations
 + Level 1.1 Transmutations
 + Level 1.1 Fire Magic
 + Level 5.5 Ice Magic
 + Level 1.1 Air Magic
 + Level 1.1 Earth Magic
 + Level 1.1 Poison Magic
 + Level 1.6 Invocations
 + Level 2.9 Evocations


You had 2 spell levels left.
You knew the following spells:

 Your Spells              Type           Power        Failure   Level  Hunger
a - Freeze                Ice            ###.         2%          1    ##.....
b - Ozocubu's Armour      Chrm/Ice       ##......     19%         3    ####...

Your spell library contained the following spells:

 Spells                   Type           Power        Failure   Level  Hunger


Dungeon Overview and Level Annotations

Branches:
Dungeon (2/15)

Altars:
Dithmenos

Annotations:
D:2 1 runed translucent door, Crazy Yiuf, Natasha


Innate Abilities, Weirdness & Mutations

Your experience applies equally to all skills.
You have very sharp teeth.
Your uncanny sense of smell can sniff out nearby items.


Message History

Natasha is almost dead.
Natasha growls.
Natasha barely misses you.
Natasha drinks a potion.
Natasha is healed!
You hit Natasha. Your bite misses Natasha.
Natasha is lightly wounded.
Natasha barely misses you. Natasha claws you.
* * * LOW HITPOINT WARNING * * *
You miss Natasha.
Natasha is lightly wounded.
Natasha barely misses you.
You closely miss Natasha. You bite Natasha, but do no damage.
Natasha is lightly wounded.
Natasha stares at you and mumbles some strange words.
The magic dart hits you.
* * * LOW HITPOINT WARNING * * *
Natasha casts a spell.
You thump Natasha! Your bite misses Natasha.
Natasha is almost dead.
Natasha claws you.
You die...

#### ######## ####...
#......# #....##
####'####.# #.#####
#≈≈≈.≈≈≈#.## #.#....
#≈.....≈#..# #.#....
###≈..≈..≈##.# #.#.###
#.'.......@5.# #.#.#
#.#≈..≈..≈#h.# #.#.#
#.#≈.)..†≈##.# #.#.###
#.#≈≈≈.≈≈≈##.########..)...
#.####'####................
#.###..#.###.########.#.###
#....÷##.# #.# ####..#.#
#####.##.###.####..<....###
#.##.#......).....#....


You could see Natasha and a white imp.

Vanquished Creatures
  Natasha (twice) (D:2)
  Terence (D:2)
  2 adders (D:2)
  An ooze (D:2)
  2 worms (D:2)
  A leopard gecko (D:2)
  9 goblins
  6 hobgoblins
  12 kobolds
  7 bats
  4 frilled lizards
  10 rats
57 creatures vanquished.

Notes
Turn   | Place    | Note
-------+----------+-------------------------------------------
     0 | D:1      | MrRokkomies the Gnoll Wanderer began the quest for the Orb.
     0 | D:1      | MrRokkomies set off with the following items: a +2
                  | quarterstaff, a scroll of teleportation, a +0 robe, a
                  | ration; and the following spell memorised: Freeze; and the
                  | following spells available to memorise: Ozocubu's Armour
     0 | D:1      | Reached XP level 1. HP: 20/20 MP: 2/2
    11 | D:1      | You fall into a shaft and drop 1 floor!
    12 | D:2      | Noticed Terence
    30 | D:2      | Killed Terence
    30 | D:2      | Reached XP level 2. HP: 19/26 MP: 0/3
    30 | D:2      | Reached XP level 3. HP: 22/31 MP: 0/4
   337 | D:2      | Reached skill level 1 in Invocations
   736 | D:2      | Found a runed translucent door.
   737 | D:2      | Noticed Crazy Yiuf
   831 | D:2      | Noticed Natasha
   841 | D:2      | Killed Natasha
   841 | D:2      | Reached skill level 1 in Short Blades
   841 | D:2      | Reached skill level 1 in Long Blades
   841 | D:2      | Reached skill level 1 in Axes
   841 | D:2      | Reached skill level 1 in Maces & Flails
   841 | D:2      | Reached skill level 1 in Polearms
   841 | D:2      | Reached skill level 1 in Slings
   841 | D:2      | Reached skill level 1 in Bows
   841 | D:2      | Reached skill level 1 in Crossbows
   841 | D:2      | Reached skill level 1 in Armour
   841 | D:2      | Reached skill level 1 in Dodging
   841 | D:2      | Reached skill level 1 in Shields
   841 | D:2      | Reached skill level 1 in Unarmed Combat
   841 | D:2      | Reached skill level 1 in Spellcasting
   841 | D:2      | Reached XP level 4. HP: 38/38 MP: 4/6
   931 | D:1      | Learned a level 3 spell: Ozocubu's Armour
  1182 | D:1      | Reached skill level 1 in Conjurations
  1182 | D:1      | Reached skill level 1 in Hexes
  1182 | D:1      | Reached skill level 1 in Charms
  1182 | D:1      | Reached skill level 1 in Summonings
  1182 | D:1      | Reached skill level 1 in Necromancy
  1182 | D:1      | Reached skill level 1 in Translocations
  1182 | D:1      | Reached skill level 1 in Transmutations
  1182 | D:1      | Reached skill level 1 in Fire Magic
  1182 | D:1      | Reached skill level 1 in Air Magic
  1182 | D:1      | Reached skill level 1 in Earth Magic
  1182 | D:1      | Reached skill level 1 in Poison Magic
  1574 | D:2      | Found a shadowy altar of Dithmenos.
  1675 | D:2      | Noticed Natasha
  1818 | D:2      | Reached XP level 5. HP: 43/43 MP: 7/7
  1874 | D:2      | Killed Natasha
  1884 | D:2      | Noticed Natasha
  2072 | D:2      | Slain by Natasha

Levels and vault maps discovered:
D:1:      onia_arrival_pentagram, layout_basic
D:2:      layout_loops_ring, nicolae_dithmenos_shadow_blocks, first_ration,
          minmay_statues_item, minmay_misc_feat_diagonals,
          kennysheep_generic_room_11, uniq_terence, uniq_natasha,
          uniq_crazy_yiuf_cottage

Skill      XL: |  1  2  3  4 |
---------------+-------------+-----
Invocations    | 1 |  1.6
Short Blades   | 1 |  1.4
Long Blades    | 1 |  1.4
Axes           | 1 |  1.4
Maces & Flails | 1 |  1.4
Polearms       | 1 |  1.4
Slings         | 1 |  1.4
Bows           | 1 |  1.4
Crossbows      | 1 |  1.4
Armour         | 1 |  1.4
Dodging        | 1 |  1.4
Shields        | 1 |  1.4
Unarmed Combat | 1 |  1.4
Spellcasting   | 1 |  1.4
Conjurations   | 1 |  1.1
Hexes          | 1 |  1.1
Charms         | 1 |  1.1
Summonings     | 1 |  1.1
Necromancy     | 1 |  1.1
Translocations | 1 |  1.1
Transmutations | 1 |  1.1
Fire Magic     | 1 |  1.1
Air Magic      | 1 |  1.1
Earth Magic    | 1 |  1.1
Poison Magic   | 1 |  1.1
Fighting       | |  4.7
Staves         | |  4.7
Throwing       | |  2.9
Stealth        | |  2.7
Ice Magic      | |  5.5
Evocations     | |  2.9

Action                   |  1- 3 |  4- 6 || total
-------------------------+-------+-------++-------
Melee: Quarterstaff      |    35 |   120 ||   155
       Bite              |     5 |     8 ||    13
 Cast: Freeze            |     6 |       ||     6
  Use: Scroll            |       |     4 ||     4
 Stab: Sleeping          |     1 |     9 ||    10
  Eat: Chunk             |       |     4 ||     4
Armor: Robe              |    11 |    21 ||    32
Dodge: Dodged            |    21 |    77 ||    98

Table legend:
 A = Non-vault XP
 B = Vault XP
 C = Vault XP percentage of total XP
 D = Non-vault monster count
 E = Vault monster count
 F = Vault count percentage of total count
                 A         B        C        D         E       F
            +---------+---------+-------+---------+---------+-------
      Total |     147 |      68 |  31.6 |      54 |       3 |   5.3
            +---------+---------+-------+---------+---------+-------
        D:1 |      43 |       0 |   0.0 |      31 |       0 |   0.0
        D:2 |     104 |      68 |  39.5 |      23 |       3 |  11.5
            +---------+---------+-------+---------+---------+-------
